Map: Cosmic Sapphire

Players

A.I. 1 (Very Easy) - Winner!

  • Race: Protoss Protoss
  • Spawn Location: 11:00

flashandfoul

  • Race: Protoss Protoss
  • League: Diamond
  • Spawn Location: 5:00

VOD

Have the link to the VOD?

Description

Time

  • Played on: Oct. 24, 2022, 10:21 p.m.
  • Length: 6:18
Show
View Real Time Build Order
Export as new Build Order

A.I. 1 (Very Easy) Protoss - Winner!

Build Orders:  

Get SALT Encoding   

  12  0:00  Probe  
  13  0:13  Probe  
  14  0:19  Pylon  
  14  0:37  Assimilator  
  14  0:43  Gateway  
  14  0:46  Pylon  
  14  1:13  Assimilator  
  14  1:22  Probe  
  14  1:29  Zealot  
  14  1:30  Probe  
  14  1:31  Cybernetics Core  
  17  1:38  Probe  
  19  1:49  Probe  
  20  1:59  Probe  
  21  2:07  Warp Gate, Probe  
  22  2:41  Stalker  
  24  4:52  Probe  
Show
View Real Time Build Order
Export as new Build Order

flashandfoul Protoss 

Build Orders:  

Get SALT Encoding   

  12  0:00  Probe  
  13  0:12  Probe  
  14  0:16  Pylon  
  14  0:24  Probe (Chrono Boost)  
  16  0:36  Gateway, Probe (Chrono Boost)  
  16  0:43  Probe (Chrono Boost)  
  16  0:46  Assimilator  
  17  0:51  Probe  
  17  0:54  Assimilator  
  18  1:03  Probe  
  19  1:08  Gateway  
  19  1:15  Probe  
  20  1:24  Cybernetics Core  
  20  1:27  Probe (Chrono Boost)  
  20  1:31  Pylon  
  21  1:39  Probe (Chrono Boost)  
  22  1:44  Probe (Chrono Boost)  
  23  1:53  Probe  
  24  2:00  Stalker x2  
  28  2:02  Warp Gate  
  28  2:05  Probe  
  29  2:11  Pylon  
  29  2:30  Sentry  
  31  2:40  Nexus  
  31  2:43  Sentry  
  33  2:46  Probe  
  34  2:53  Pylon  
  34  2:58  Probe  
  35  3:06  Stalker  
  35  3:10  Probe  
  38  3:16  Twilight Council  
  38  3:22  Probe  
  38  3:27  Shield Battery  
  39  3:34  Probe  
  39  3:38  Pylon  
  41  3:49  Probe (Chrono Boost)  
  41  3:51  Probe (Chrono Boost)  
  42  3:57  Stalker  
  42  4:01  Probe (Chrono Boost)  
  42  4:02  Probe (Chrono Boost)  
  46  4:06  Blink, Probe (Chrono Boost)  
  47  4:10  Probe  
  47  4:13  Stalker  
  50  4:18  Probe  
  50  4:21  Stalker  
  50  4:22  Probe  
  54  4:30  Probe  
  55  4:35  Probe  
  55  4:38  Gateway  
  56  4:41  Gateway  
  56  4:42  Probe  
  57  4:47  Probe  
  57  4:52  Gateway  
  58  4:54  Gateway, Probe  
  58  4:59  Probe  
  60  5:00  Assimilator  
  60  5:05  Pylon, Stalker  
  60  5:06  Probe  
  63  5:09  Stalker  
  63  5:11  Probe  
  63  5:13  Pylon  
  66  5:24  Gateway  
  66  5:30  Stalker  
  68  5:36  Pylon  
  68  5:38  Stalker x2  
  68  5:39  Stalker  
  68  5:40  Pylon  
  74  5:50  Stalker x2  
  78  5:57  Stalker  
  78  6:02  Stalker  
  78  6:03  Stalker  
  84  6:05  Stalker  
  86  6:13  Stalker x2  
Tags
 
League
Diamond
Matchup
PvP
Spawn Locations
Cross Positions
Add a new tag
Caveats
  • Supply blocks, unpowered buildings, or Contaminate may cause inaccurate times.
  • Supply counts are checked every 10 seconds.